[Event "Norway Chess 2025"]
[Site "Stavanger, Norway"]
[Date "2025.05.26"]
[Round "1.3"]
[White "Carlsen, Magnus"]
[Black "Gukesh D"]
[Result "1-0"]
[ECO "D00"]
[WhiteElo "2837"]
[BlackElo "2787"]
[Annotator "Rafael Leitao"]
[PlyCount "109"]
[EventDate "2025.??.??"]
[TimeControl "40/7200:0"]

1. d4 Nf6 2. Nc3 {Uma escolha surpreendente, embora Carlsen tenha jogado esse lance em algumas partidas online de blitz e rápido.} d5 3. Bf4 c5 4. e3 (4. e4 {é um lance muito popular em partidas online, e eu já o enfrentei muitas vezes nas minhas partidas de lazer no Chess.com.}) 4... Bg4 $5 {Um lance muito mais raro do que capturar o peão em d4.} (4... cxd4) 5. Be2 {A partida rapidamente se afasta da teoria.} (5. f3 {é a resposta mais comum, quando as Negras precisam jogar} Bd7 $1 {para controlar o salto do cavalo para b5. A partida permanece complicada e com chances para ambos os lados após} 6. dxc5) 5... Bxe2 6. Ncxe2 {Jogado apenas uma vez, em uma partida do Titled Tuesday. Capturar com a dama ou com o cavalo de g1 também leva a um jogo equilibrado.} (6. Ngxe2) (6. Qxe2) 6... Nc6 7. Nf3 {A abertura de Carlsen foi discreta, e é difícil imaginar que as Brancas tenham alguma vantagem aqui. Claro, agora todos sabemos que ele fica feliz apenas por ter uma partida para jogar sem tanta teoria, mas mesmo assim, já o vi jogando ideias mais inspiradoras para conseguir isso.} e6 8. c3 Be7 $146 {Um lance novo.} (8... Bd6 9. O-O O-O 10. Bxd6 Qxd6 11. Nf4 Ne4 12. dxc5 Qxc5 {com um empate em Naroditsky-Galchenko, Titled Tuesday blitz 2023.}) ({RR} 8... Bd6 9. O-O O-O 10. Bxd6 Qxd6 11. Nf4 Ne4 12. dxc5 Qxc5 {½-½ (12) Naroditsky,D (2619)-Galchenko,M (2438) chess.com INT 2023}) ({RR} 8... Nh5 9. Be5 Bd6 10. Bxd6 Qxd6 11. Ng3 Nxg3 12. hxg3 h6 13. Qd3 O-O 14. g4 e5 15. dxe5 Nxe5 16. Nxe5 Qxe5 17. O-O-O Rfd8 18. Rh5 Qe6 19. g5 Qg6 20. Qxg6 fxg6 21. Rh4 Kh7 22. gxh6 gxh6 23. Rdh1 {Bazan Romero,O (2289)-Khanbutaev,A (2139) chess.com INT 2025 ½-½ (84)}) 9. Ng3 (9. O-O {também é possível, mas Carlsen não está interessado em rocar.}) 9... O-O 10. Qe2 h6 {Um lance útil. As Negras têm outras boas opções e sua posição é confortável.} 11. Rd1 Qa5 {Forçando as Brancas a defenderem o peão de a2 e a criar fraquezas nas casas claras.} 12. a3 Rfd8 13. h4 {As Brancas têm uma posição sólida na ala da dama, então especulam com um plano com h4-h5, Ce5 e talvez até Th3 e Ch5, iniciando alguma ação na ala do rei. Claro, isso é sonhar alto demais: tanto com o roque quanto com o lance da partida, a avaliação não muda: igualdade confortável para as Negras.} Qa4 {Dominando as casas claras e preparando Dc4.} (13... Qa6 {Também é bastante lógico trocar as damas. Os peões dobrados na coluna \"a\" não são ruins para as Negras.} 14. Qxa6 bxa6 {com igualdade.}) (13... Rac8 {também é possível, simplesmente melhorando a torre. As Brancas podem jogar como na partida com} 14. Ne5) 14. Ne5 Nxe5 15. Bxe5 (15. dxe5 $6 {As Brancas não estão justificado em prejudicar a estrutura de peões na esperança de tentar criar um ataque. As Negras ficam muito sólidas após} Nd7) 15... Nd7 16. Bf4 Qa6 (16... Rac8 {As Negras também poderiam esperar um pouco mais com um lance útil como este. $146ão está claro que elas precisem trocar damas em a6.} 17. Nh5 Bf8 18. g4 $5 {Talvez Gukesh tenha medo de um ataque assim, mas não parece tão assustador.}) 17. Qf3 (17. Qxa6 {é uma escolha sólida.} bxa6 {O final está igual segundo a máquina, embora pareça mais confortável para as Negras em uma partida humana.}) 17... Bd6 (17... Bf8 $1 {Cria mais problemas para as Brancas, já que o rei branco está preso em e1, e as Negars têm a ideia de trocar em d4 e depois preparar o avanço e6-e5, por exemplo:} 18. Nh5 cxd4 19. exd4 Re8 $1 {Quando as Brancas agora são aconselhadas a jogar} 20. Qe2 Qxe2+ 21. Kxe2 {com um bom final para as Negras.}) 18. Nh5 Bxf4 19. Qxf4 (19. Nxf4 {também é possível, mas é compreensível que Carlsen quisesse o cavalo em h5.}) 19... e5 $5 {Um lance ousado e difícil, muito no estilo direto e calculista de Gukesh.} (19... cxd4 20. Qxd4 e5 $1 {é outra solução. Depois de} 21. Qxd5 Rac8 {as Negras preparam Cc5 e têm boa compensação. Uma continuação possível é} 22. Qd6 Qxd6 23. Rxd6 Nc5 24. Rxd8+ Rxd8 25. Ke2 Ne4 $1 26. Kf3 Nd2+ 27. Ke2 Ne4 {com um empate.}) 20. Qg3 {Carlsen decide ir para o final.} (20. dxe5 {é o lance crítico.} Qg6 (20... Qe6 $2 {é um erro tático:} 21. Qg3 Qxe5 22. Rxd5 $1 {ganhando um peão.}) 21. g4 $1 (21. Ng3 {permite} Qe6 {recuperando o peão com igualdade.}) 21... Re8 {O lance mais natural.} (21... d4 $5 {também é possível:} 22. cxd4 cxd4 23. Rxd4 (23. exd4 $2 Nxe5 $1 {e as Brancas não podem capturar o cavalo.}) (23. O-O d3 {com compensação suficiente pelo peão.}) 23... Qb1+ 24. Rd1 Qxb2 {e as Negras provavelmente têm contra-jogo suficiente para alcançar a igualdade.}) 22. Rxd5 Nxe5 $1 23. O-O {O cavalo não pode ser capturado devido ao xeque em b1.} Nxg4 24. Ng3 Nf6 {A posição é mais confortável para as Brancas devido às peças mais ativas, mas as Negras podem lutar pela igualdade e pelo empate. Mesmo assim, essa situação parece mais problemática para o segundo jogador do que a escolha das Brancas.}) 20... Qg6 21. Qxg6 fxg6 22. Ng3 exd4 23. cxd4 (23. exd4 {leva à igualdade fácil depois de} Re8+) 23... c4 24. Ne2 $1 {Melhorando o cavalo.} b5 25. Nc3 Nf6 26. Rb1 $1 {Isto é necessário para combater a expansão da ala da dama das Negras.} Rab8 27. f3 {A única pequena esperança que as Brancas têm de vencer a partida é criar um peão passado com e3-e4, graças aos peões dobrados das Negras em g6 e g7.} a5 (27... b4 {é pior: as Brancas ficam com uma estrutura de peões melhor após} 28. axb4 Rxb4 29. Kd2) 28. b4 $1 cxb3 29. Rxb3 b4 30. axb4 Rxb4 (30... axb4 $6 31. Na4 {é perigoso para as Negras.}) 31. Ra3 {31.Txb4 e 31.Tb1 são possíveis, mas não há vantagem.} Re8 32. Kd2 {As Brancas abandonam o peão de g, deixando a partida um pouco aguda.} (32. Kf2 {As Negras têm várias maneiras de alcançar o empate, uma delas é} Rb2+ 33. Ne2 Ng4+ 34. fxg4 Rf8+ 35. Kg3 Rxe2) 32... Rb2+ 33. Kd3 Rxg2 34. Rxa5 Rg3 35. Rf1 g5 (35... Rd8 {também é bom:} 36. Ne2 Rh3 37. Nf4 Rxh4 38. Nxg6 Rh2 {com um empate provável.}) 36. hxg5 Rxg5 (36... hxg5 {Até isso é possível, mas não há necessidade de defender estando um peão a menos depois de} 37. Nxd5 g4 38. Nxf6+ gxf6 39. Rf5) 37. Rfa1 h5 38. Ra8 Rxa8 (38... h4 {é outra possibilidade:}) 39. Rxa8+ Kh7 40. e4 dxe4+ 41. fxe4 h4 42. e5 {Meu computador afirma que as Negras têm pelo menos cinco lances diferentes que levam ao empate neste momento.} h3 {Gukesh decide seguir por uma linha forçada de empate, mas talvez fosse mais prático simplesmente mover o cavalo. A posição continua igual, mas sem a necessidade de encontrar um lance forçado no final da variante.} (42... Nh5 $1) 43. exf6 h2 44. f7 Rg3+ 45. Kd2 h1=Q (45... Rg2+ {também é bom:} 46. Ne2 h1=Q 47. f8=Q Qh6+ $1 48. Kd3 Qh3+ $1 {com xeque perpétuo. Se as Brancas jogarem para ganhar com} 49. Kc4 $4 {as Negras ganham com} Qe6+ $1) 46. f8=Q Qh6+ $2 {Basicamente o único erro nesta partida, mas às vezes um erro basta para perder.} (46... Rg2+ $7 {leva a um empate:} 47. Kd3 (47. Ne2 Qh6+ $1 48. Kd3 Qh3+ 49. Kd2 Qh6+) 47... Rg3+ $7 48. Kc2 Qg2+ 49. Kb3 Qd5+ (49... Qb7+ {também é suficiente.}) 50. Kc2 (50. Kb2 Qg2+ 51. Ka1 Qg1+ $1 52. Kb2 Qg2+ $1) 50... Qg2+ {com xeque perpétuo.}) 47. Kc2 Qg6+ 48. Kb2 $1 {O único lance vencedor.} (48. Kb3 $2 Qb1+) 48... Qb6+ 49. Ka2 Rg2+ (49... Rxc3 50. Qf5+ $1 g6 (50... Qg6 51. Rh8+) 51. Qf7+ Kh6 52. Qf4+ {com um ataque de mate.}) 50. Ka3 Qb2+ 51. Ka4 Qxc3 (51... Qa1+ 52. Kb4 {e os xeques acabam rapidamente.}) 52. Qh8+ Kg6 53. Ra6+ Kf5 (53... Kf7 54. Qh5+ {termina em mate em breve.}) 54. Qf8+ Ke4 55. Re6+ (55. Re6+ Kd3 (55... Kxd4 56. Qd6+ Kc4 57. Re4+) 56. Qf3+) 1-0

[Event "Norway Chess 2025"]
[Site "Stavanger, Norway"]
[Date "2025.05.28"]
[Round "3.2"]
[White "Carlsen, Magnus"]
[Black "Wei, Yi"]
[Result "1/2-1/2"]
[ECO "E05"]
[WhiteElo "2837"]
[BlackElo "2758"]
[Annotator "Chess.com"]
[PlyCount "101"]
[EventDate "2025.??.??"]
[TimeControl "40/7200:0"]

1. d4 Nf6 2. c4 e6 3. Nf3 d5 4. g3 Be7 5. Bg2 O-O 6. O-O dxc4 7. Qc2 a6 8. a4 Bd7 9. Qxc4 Bc6 10. Bg5 Bd5 11. Qc2 Be4 12. Qc1 Nc6 13. e3 Bb4 14. Qd1 h6 15. Bxf6 Qxf6 16. Nc3 Bxc3 17. bxc3 Na5 18. Ne5 Bxg2 19. Kxg2 Rfd8 20. Qb1 $146 ({RR} 20. Rb1 c5 21. Qe2 Rac8 22. Rfc1 Rc7 23. Nd3 c4 24. Nc5 e5 25. Qf3 Qg6 26. Rd1 exd4 27. exd4 Qc2 28. Re1 Nb3 29. Ne4 Qa2 30. Nc5 Qc2 31. Qf4 Rdc8 32. Ne4 Rd7 33. Nf6+ gxf6 34. Qg4+ Qg6 {Injac,T (2431)-Mijovic,A (2130) Budva MNE 2023 1-0 (41)}) 20... Rac8 21. Rd1 c5 22. Qb6 cxd4 23. cxd4 Rd5 24. Rdc1 Qd8 25. Qb4 Rc7 26. Rc3 $6 {A move that seems to give away much of White's advantage.} (26. h4 {or other waiting moves, and Carlsen remains clearly better, though there's no obvious knockout blow.}) 26... Rxc3 $1 27. Qxc3 Rd6 $1 {This square is now available after the queen was deflected from b4.} 28. Rb1 f6 29. Ng6 Qe8 30. Qc2 Kf7 31. h4 Qc6+ 32. Qxc6 Rxc6 33. h5 Rc4 34. Kf3 Ke8 35. Nf4 Ke7 36. g4 $6 (36. Nd3 $1 {and White preserves more chances.} e5 (36... Rxa4 37. Nc5 Ra2 38. Rb6 e5 39. d5 Rd2 40. e4 Kf8 {illustrates the kind of chances Carlsen could have got.}) 37. Ke4 {In the game the e5-pawn attacks the knight, so there's no option to play like this.}) 36... e5 37. Ng6+ Ke6 38. dxe5 fxe5 39. Rb6+ Rc6 40. Rb2 Rc4 41. Ra2 Nb3 42. Nh4 Nc5 43. Nf5 Rxa4 44. Rc2 b6 45. Rd2 Ne4 46. Nxg7+ Kf6 47. Rd7 {Black has powerful connected passed pawns on the queenside, so Carlsen decides it's time to shut things down.} Ng5+ 48. Kg3 Ne4+ 49. Kf3 Ng5+ 50. Kg3 Ne4+ 51. Kf3 1/2-1/2

[Event "Norway Chess 2025"]
[Site "Stavanger, Norway"]
[Date "2025.06.06"]
[Round "10"]
[White "Erigaisi Arjun"]
[Black "Carlsen, Magnus"]
[Result "1/2-1/2"]
[ECO "D35"]
[WhiteElo "2782"]
[BlackElo "2837"]
[Annotator "Rafael Leitao"]
[PlyCount "111"]
[EventDate "2025.??.??"]
[TimeControl "40/7200:0"]

1. d4 d5 2. c4 e6 3. Nc3 Nf6 {Knowing a draw might suffice, Carlsen chooses one of the most solid and reliable defenses against the Queen's Pawn.} 4. cxd5 {The Exchange Variation was Kasparov's favorite line when facing the Queen's Gambit.} exd5 5. Bg5 Be7 6. e3 O-O 7. Bd3 h6 8. Bh4 c6 9. Nge2 Nbd7 (9... Ne8 {is another popular plan these days.}) 10. O-O a5 $5 {The modern way of playing the Queen's Gambit Declined. Advancing on the queenside for Black wasn't common some 50 years ago, but chess understanding has evolved.} (10... Re8 {is more common, and Black can use the same plan after} 11. Qc2 a5) 11. f3 (11. a4 {I've seen strong players trying this with White in similar positions, but the inclusion of a4-a5 no doubt improves Black's position.}) (11. Qc2 {is more possible when Black can play} Re8 {and White may think of something different from the classical plan with f3-e4, although I'm not sure that most players try 12.f3 anyway.}) ({RR} 11. Rc1 Re8 12. f3 b5 13. Kh1 Ba6 14. Bf2 Qb8 15. Ng3 b4 16. Nce2 Bxd3 17. Qxd3 c5 18. dxc5 Nxc5 19. Qb1 Bf8 20. Rfd1 Qb5 21. Nf4 Ne6 22. Nf5 Rac8 23. h3 Nxf4 24. exf4 Nh5 25. Nd4 Qd7 {Duda,J (2725)-Carlsen,M (2839) Zagreb CRO 2025 ½-½ (65)}) 11... b5 $1 {This the whole point of Black's opening system; he reacts with b5-b4 against the plan of f3-e4.} 12. Qc2 Re8 13. e4 $146 {Arjun plays the opening in the most direct way possible. He could try to play a move like 13.Bf2 and maybe Kh1 next, but he decides to strike immediately. Given the quality of the move and the time spent, it's unlikely that he had this prepared beforehand.} ({RR} 13. Kh1 Ba6 14. Rad1 Qb8 ({RR} 14... Qb6 15. Bf2 Rad8 16. e4 dxe4 17. fxe4 Ng4 18. Bg1 Qb8 19. h3 Ngf6 20. e5 Nd5 21. Bh7+ Kh8 22. Rxf7 Nb4 23. Qg6 Bf8 24. Rdf1 Nd5 25. Nxd5 cxd5 26. Nf4 b4 27. Qxa6 Kxh7 28. Qg6+ Kh8 29. Qh5) 15. e4 b4 16. Nb1 Bxd3 17. Qxd3 dxe4 18. fxe4 Nxe4 19. Qxe4 Bxh4 20. Qxc6 Ra7 21. Nf4 Nf6 22. Qf3 Rae7 23. Rd3 Re1 24. Nd2 Bg5 25. g3 Qc8 26. Rxe1 Rxe1+ 27. Kg2 Bxf4 {Sele,T (1699)-Silva,M (2005) Budapest HUN 2024 0-1 (42)}) ({RR} 13. Bf2 Bb7 14. h3 Rc8 15. Bf5 g6 16. Bxg6 fxg6 17. Qxg6+ Kh8 18. e4 Nh7 19. e5 b4 20. Nd1 Ba6 21. Re1 Rg8 22. Qxh6 Bg5 23. Qd6 Qe8 24. e6 Qg6 25. Bg3 Ndf6 26. Nf2 Be3 27. Qe5 Bxe2) ({RR} 13. Bf2 Ba6 14. Rad1 Qb6 15. Rfe1 b4 16. Na4 Bxd3 17. Qxd3 Qb5 18. Qc2 Rac8 19. Nf4 c5 20. dxc5 Nxc5 21. Nxc5 Rxc5 22. Qd2 Rec8 23. Qd4 b3 24. axb3 Qxb3 25. Qe5 Bf8 26. Nd3 Rc2 27. Qf5 R8c6 {Anas Khwaira (2173)-Aradhya,G (2383) Al Ain UAE 2025 0-1 (65)}) 13... b4 14. Na4 dxe4 15. fxe4 Nxe4 $1 {Black has a big alternative in 15...c5, but the move played in the game is objectively better, although it will soon be followed by a mistake.} (15... c5 {is the typical break. Big complications start.} 16. e5 $1 (16. dxc5 $2 {leads to problems for White after} Ng4 $1) 16... Nd5 {Now White has several ideas after 16.Bxe7, 16.Bg3, or even 16.Bc4. With the engine on, it seems that Black's position can be held, although it seems a little shaky and dangerous in a practical game.}) 16. Bxe7 (16. Bxe4 $2 Bxh4 17. Bxc6 Ba6 {is horrible for White.}) 16... Qxe7 17. Qxc6 Nef6 $2 {The wrong way to sacrifice.} (17... Nd2 $1 {is a theoretical novelty and the best move when Black has excellent counterplay after} 18. Qxa8 Qe3+ 19. Rf2 Nf6 $1 {With the bishop attacked and the threat of Ng4, Black has the initiative. White has played very accurately in order to hold the balance.} (19... Qxd3 {is worse.} 20. Rc1) 20. Qb8 $1 Qxd3 21. Nc5 Qc4 22. b3 Qd5 {with excellent compensation for the exchange.}) 18. Qxa8 Qe3+ 19. Kh1 Qxd3 20. Nf4 Qxd4 21. Rad1 (21. Rac1 {is also tempting. Black has to find} Kh7 $1 {with the idea} (21... Ng4 $2 {loses a piece after} 22. h3 Nf2+ 23. Rxf2 Qxf2 24. Nd3 $1 {followed by capturing the bishop on c8.}) (21... Ne4 {is refuted by} 22. Ne2 $1) 22. Rxc8 $6 (22. Qxa5 {is better.}) 22... Ng4 $1 {when suddenly Black has dangerous threats.} (22... Qxf4 $2 23. Qa6 Qxf1+ 24. Qxf1 Rxc8 {is similar to the game.})) 21... Qe5 $2 (21... Qe3 $1 {offers better chances of defending.} 22. Rc1 Ne4 {forces White to play} 23. Nh3 $1 {and now either 23...Nd6 or 23...Qe2, when White is better, but the position remains very complicated.}) 22. Rc1 $1 Nf8 {Carlsen finds a clever way to defend.} 23. Rxc8 $6 {tempting, but there's a better move.} (23. Nc5 $1 {seems to better, followed by the capture of the a-pawn. Although White is technically winning, there are still practical chances for Black to create something on the kingside.}) 23... Qxf4 $1 {The point of Black's previous move, exploiting the back-rank weakness.} 24. Qa6 {Absolutely forced.} Qxf1+ $1 {Carlsen decides to give up his queen, a difficult but entirely correct decision. He has more chances of surviving here than an exchange down after} (24... Qe5 25. Rxe8 Nxe8 26. Qc6 Nf6 27. Qc5 Qe2 28. Qf2 Qe5 29. Nc5 {when he lacks counterplay and White will gradually attack the queenside pawns.}) 25. Qxf1 Rxc8 26. h3 {Despite the material advantage, it's not easy for White to convert the advantage. The knight is out of play, and Black's rook and knights can become very tricky if allowed near the white king.} Rd8 27. Qa6 (27. Nb6 {is a good alternative, preparing Nc4.}) 27... Rd5 28. Nb6 Rc5 29. Nc4 Ne6 $2 {Not the best way to coordinate the pieces.} (29... Ng6 $1 {is stronger. The point is that after the dubious capture of the a5-pawn, Black is ready to start an attack.} 30. Nxa5 (30. Ne3 {is more prudent.}) 30... Rc1+ 31. Kh2 Rc2 {with the idea of playing Nh4 next.}) 30. Nxa5 g5 $5 {An interesting plan. Black wants to play g5-g4 and destroy the king's shelter.} 31. Nc4 {White has many winning moves. His task for now is to improve the knight's position.} (31. Nc6 g4 32. Nd4 $1 {An important move that decides the game.} Ng5 {The last trick.} (32... Nxd4 33. Qxf6) 33. Nf5 $1 (33. Qxf6 $4 {ends in sadness after} Rc1+ 34. Kh2 g3+ $1 35. Kxg3 Ne4+) 33... Rxf5 34. Qc8+ {picking up the rook.}) (31. Nb7 {is also possible:} Rc1+ 32. Kh2 g4 33. Nd6 $18 {White is ready to start an attack on f7.}) (31. Nb3 {is also winning but less incisive.}) 31... g4 32. b3 $2 ({The prophylactic} 32. Kh2 {is better, securing the h-pawn.}) 32... gxh3 33. gxh3 Rh5 34. Kh2 $2 {Another mistake and now Black has adequate counterplay.} (34. Kg2 $1 {is the right move, but to be honest, I think Black already has considerable practical chances of saving the game after} Kg7) 34... Kg7 (34... Ng5 $5 {shows again that the knights are tricky pieces (a theme that showed up in other games of this tournament as well). The idea is} 35. Qxf6 Rxh3+ 36. Kg2 Rg3+ $3 {forcing a draw, either by perpetual check or in the endgame after} 37. Kxg3 Ne4+) 35. Qb7 Ng5 36. Nd6 ({After} 36. Qxb4 Rxh3+ 37. Kg2 {Black should play} Rf3 $1 {cutting off the king and preparing Nfe4.} 38. Nd2 Rd3 {The rook and knights are very active.}) 36... Rxh3+ 37. Kg2 Rd3 38. Nf5+ Kg6 39. Ne7+ (39. Ng3 {is better, bringing the knight closer to the king. The endgame has become very tactical but objectively equal.}) 39... Kh5 $1 {The king goes forward. Now the attacks consist of rook, two knights, and the king.} 40. Qxb4 $2 {Losing by force.} (40. Kf2 {is necessary.}) 40... Nfe4 {The white king is trapped.} 41. Kf1 Rd2 42. Qb5 Rd1+ 43. Kg2 Rd2+ 44. Kf1 Kg4 $6 {Complicating the win.} (44... f5 $1 {is a pretty move that decides the game instantly.} 45. Nxf5 (45. Qxf5 Ng3+ {takes the queen.}) (45. Qe8+ Kg4 {The king is sheltered by the pawn on f5.}) 45... Rf2+ 46. Ke1 (46. Kg1 Nf3+ 47. Kh1 Rh2#) 46... Nf3+ {The point of the move 44...f5. The knight on f5 unpins its colleague on g5.} 47. Kd1 Nc3+ 48. Kc1 Nxb5) 45. Qf5+ Kg3 46. Qe5+ Kf3 47. Qf5+ Kg3 48. Qe5+ Kf3 49. Qf5+ Ke3 $1 {A brave decision $1 Though Black is winning, due to the shortage of time I think the general feeling of the spectators was that anything could happen.} 50. Nd5+ Kd4 51. Ke1 Rxa2 $6 (51... Rh2 $1 {is recommended by the machine as the right winning move, but who could find such subtleties with seconds on the clock $2 Not even Carlsen.}) 52. Qd7 $1 Ra1+ (52... Nc5 {offers good winning chances, but it's not easy after} 53. Qd8) 53. Ke2 Ra2+ {Carlsen makes the professional decision of forcing a draw and clinching the title of this spectacular tournament.} 54. Ke1 Ra1+ 55. Ke2 Ra2+ 56. Ke1 1/2-1/2